 Dungeon Crawl Stone Soup version 0.29.1-15-g9cfb28693d (webtiles) character file.

Game seed: 9907365578476840928

492 kingofthe the Conjurer (level 6, -3/32 HPs)
             Began as a Deep Elf Conjurer on Mar 5, 2023.
             Slain by Duvessa
             ... wielding a +0 rapier
              (4 damage)
             ... on level 4 of the Dungeon.
             The game lasted 00:08:56 (4548 turns).

kingofthe the Conjurer (Deep Elf Conjurer)          Turns: 4548, Time: 00:08:57

Health: -3/32      AC:  4    Str:  4    XL:     6   Next: 91%
Magic:  10/15      EV: 14    Int: 23    God:
Gold:   168        SH:  0    Dex: 15    Spells: 10/14 levels left

rFire   . . .      SeeInvis .   o - +8 whip of the Coin {drain, Fragile rC++ rN+}
rCold   + + .      Faith    .   (no shield)
rNeg    + + .      Spirit   .   f - +2 robe {rN+}
rPois   .          Reflect  .   (no helmet)
rElec   .          Harm     .   (no cloak)
rCorr   .          Rampage  .   (no gloves)
Will    .....                   (no boots)
Stlth   ++........              (no amulet)
HPRegen 0.10/turn               Y - +4 ring of slaying
MPRegen 0.14/turn               (no ring)

@: silenced
A: no striking features
a: no special abilities


You were on level 4 of the Dungeon.
You visited 1 branch of the dungeon, and saw 4 of its levels.

You collected 168 gold pieces.


   Skills:
 * Level 5.2 Dodging
 + Level 4.3 Stealth
 + Level 4.9 Spellcasting
 + Level 5.4 Conjurations
 * Level 4.2 Hexes


You had 10 spell levels left.
You knew the following spells:

 Your Spells              Type           Power      Damage    Failure   Level
a - Magic Dart            Conj           100%       1d8       1%          1
b - Searing Ray           Conj           60%        2d6       1%          2
c - Slow                  Hex            100%       N/A       1%          1

Your spell library contained the following spells:

 Spells                   Type           Power      Damage    Failure   Level
 Dazzling Flash           Conj/Hex       56%        N/A       3%          3
 Confusing Touch          Hex            25%        N/A       4%          3
 Fulminant Prism          Conj/Hex       14%        3d9       13%         4
 Vampiric Draining        Necr           5%         2d6       28%         3
 Iskenderun's Mystic Bla  Conj/Tloc      18%        2d6       30%         4

Inventory:

Hand Weapons
 o - the +8 whip of the Coin (weapon) {drain, Fragile rC++ rN+}
   (You found it on level 3 of the Dungeon)

   A truly terrible weapon, it drains the life of any living foe it strikes.
   rC:        It greatly protects you from cold.
   rN:        It protects you from negative energy.
   Fragile:   It will be destroyed if unequipped.
 r - a +0 rapier
Armour
 f - a +2 robe of positive energy (worn)
Jewellery
 Y - a +4 ring of slaying (left hand)
Scrolls
 a - a scroll of amnesia {unknown}
 c - 4 scrolls of identify {unknown}
 d - 2 scrolls of fog {unknown}
 e - 2 scrolls of vulnerability {unknown}
 g - a scroll of enchant weapon {unknown}
 i - a scroll of silence {!r}
 p - 3 scrolls of teleportation {unknown}
 q - a scroll of immolation {unknown}
 s - a scroll of noise {unknown}
Potions
 b - 2 potions of magic
 h - 3 potions of heal wounds {unknown}
 j - a potion of cancellation {unknown}
 k - a potion of berserk rage {unknown}
 l - 4 potions of curing {unknown}
 m - a potion of attraction {unknown}
 n - 2 potions of mutation {unknown}
 t - a potion of flight {unknown}

Dungeon Overview and Level Annotations

Branches:
Dungeon (4/15)
 Temple: D:4-7

Altars:
Zin

Shops:
D:2 =

Annotations:
D:4 Dowan, Duvessa, Edmund, Eustachio, Menkaure

##...........##........
#...................e..
#....................##
####........#.#......##
#.........###........
##.........#.......##
##.....###...........#
##..b..e.###...........
#.....@M.###.##....$...
##...r#.#..............
##...###..............
##..5.....Me..........
#...@5r.........<.....
##.....b.......##.....
##...................
#...................
#...................


You could see Eustachio, Duvessa, Menkaure (fast), a quasit (summoned), a quokka
(summoned) and a bat (summoned).


Message History

Menkaure hums drily.
Menkaure closely misses you. The quokka completely misses you.
The bat barely misses you.
The searing ray hits Menkaure.
Menkaure is moderately damaged.
The searing ray hits Duvessa.
Duvessa is heavily wounded.
The bat hits you but does no damage. Menkaure hits you.
* * * LOW HITPOINT WARNING * * *
The quokka bites you.
* * * LOW HITPOINT WARNING * * *
The searing ray hits Menkaure!
Menkaure is severely damaged.
You finish channelling your searing ray.
Menkaure points at you and mumbles some strange words.
Pain shoots through your body!
* * * LOW HITPOINT WARNING * * *
The quokka closely misses you.
Menkaure points at you and mumbles some strange words.
You are unaffected.
Eustachio casts a spell.
Duvessa hits you with a +0 rapier.
* * * LOW HITPOINT WARNING * * *
The bat hits you but does no damage.
As you read the scroll labelled XUACOLES XOGALY, it crumbles to dust.
A profound silence engulfs you.
It was a scroll of silence.
The bat barely misses you. The quokka misses you. Menkaure hits you.
* * * LOW HITPOINT WARNING * * *
Duvessa hits you with a +0 rapier.
You die...

Skill      XL: |  1  2  3  4  5  6 |
---------------+-------------------+-----
Dodging        | 3 4 5 |  5.2
Stealth        | 3 4 |  4.3
Hexes          | 1 2 3 4 |  4.2
Spellcasting   | 4 |  4.9
Conjurations   | 5 |  5.4

Action                   |  1- 3 |  4- 6 || total
-------------------------+-------+-------++-------
 Cast: Magic Dart        |    70 |    55 ||   125
       Searing Ray       |     6 |    16 ||    22
  Use: Scroll            |       |     1 ||     1
Armor: Robe              |     2 |     4 ||     6
Dodge: Dodged            |     3 |    12 ||    15

Levels and vault maps discovered:
D:1:      tarquinn_simple_flora_water_a, layout_rooms
D:2:      layout_loops_ring, serial_shops, shop, basic_altar
D:3:      layout_basic, ebering_ecumenical_altar_petrified, minmay_misc_feat_x,
          chequers_big_river
D:4:      layout_cave_pools, uniq_duvessa, uniq_menkaure, uniq_eustachio,
          uniq_grinder, uniq_edmund

Notes
Turn   | Place    | Note
-------+----------+-------------------------------------------
     0 | D:1      | kingofthe the Deep Elf Conjurer began the quest for the
                  | Orb.
     0 | D:1      | Reached XP level 1. HP: 10/10 MP: 6/6
   287 | D:1      | Reached XP level 2. HP: 15/15 MP: 5/8
   290 | D:1      | Learned a level 2 spell: Searing Ray
   897 | D:2      | Reached skill level 3 in Dodging
  1017 | D:2      | Reached XP level 3. HP: 19/19 MP: 7/10
  1056 | D:2      | Found Ijaquid's Jewellery Shop.
  1233 | D:2      | Learned a level 1 spell: Slow
  1385 | D:2      | Reached skill level 3 in Stealth
  1480 | D:2      | Found a glowing silver altar of Zin.
  1515 | D:2      | Reached skill level 1 in Hexes
  1786 | D:3      | Reached XP level 4. HP: 24/24 MP: 7/11
  1881 | D:3      | Identified the +8 whip of the Coin {drain, Fragile rC++
                  | rN+}
  2468 | D:3      | Found a faded altar of an unknown god.
  2681 | D:3      | Reached skill level 4 in Spellcasting
  2681 | D:3      | Reached skill level 2 in Hexes
  3068 | D:4      | Noticed Menkaure
  3197 | D:4      | Noticed Eustachio
  3383 | D:4      | Noticed Edmund
  3392 | D:4      | HP: 2/24 [white imp/puff of frost (12)]
  3498 | D:4      | Reached XP level 5. HP: 12/28 MP: 8/13
  3604 | D:4      | Noticed Grinder
  3685 | D:4      | Noticed Duvessa
  3701 | D:4      | Reached skill level 4 in Dodging
  3701 | D:4      | Reached skill level 5 in Conjurations
  3959 | D:4      | Noticed Dowan
  3996 | D:4      | Killed Grinder
  3997 | D:4      | Reached skill level 4 in Stealth
  3997 | D:4      | Reached skill level 3 in Hexes
  3997 | D:4      | Reached XP level 6. HP: 32/32 MP: 3/14
  4174 | D:4      | Reached skill level 5 in Dodging
  4174 | D:4      | Reached skill level 4 in Hexes
  4548 | D:4      | HP: 1/32 [Menkaure (3)]
  4548 | D:4      | Slain by Duvessa

Vanquished Creatures
  Grinder (D:4)
  A necrophage (D:4)
  A hound (D:4)
  3 iguanas (D:4)
  6 adders
  A white imp (D:4)
  2 worms (D:2)
  3 dart slugs
  An orc (D:4)
  8 ball pythons
  2 bats
  7 endoplasms
  5 giant cockroaches
  6 goblins
  3 hobgoblins
  4 jackals (D:2)
  A quokka (D:4)
  5 frilled lizards
  5 kobolds
  8 rats
73 creatures vanquished.

Vanquished Creatures (others)
  A plant (D:3)
1 creature vanquished.

Grand Total: 74 creatures vanquished

Table legend: (Time is in decaauts)
 A = Elapsed time spent in this place.
 B = Non-inter-level travel time spent in this place.
 C = Inter-level travel time spent in this place.
 D = Time resting spent in this place.
 E = Time spent auto-exploring this place.
 F = Levels seen in this place.
 G = Mean time per level.
                   A        B        C        D        E       F      G
               +--------+--------+--------+--------+--------+-----+--------+
         Total |   4563 |   4334 |    229 |    385 |   3454 |   4 | 1140.8 |
       Dungeon |   4563 |   4334 |    229 |    385 |   3454 |   4 | 1140.8 |
               +--------+--------+--------+--------+--------+-----+--------+

Top non-repeatable levels by time:
     D:3: 1605 daAuts
     D:4: 1181 daAuts
     D:2: 971 daAuts
     D:1: 804 daAuts

Table legend:
 A = Non-vault XP
 B = Vault XP
 C = Vault XP percentage of total XP
 D = Non-vault monster count
 E = Vault monster count
 F = Vault count percentage of total count
                 A         B        C        D         E       F
            +---------+---------+-------+---------+---------+-------
      Total |     436 |     267 |  38.0 |      72 |       1 |   1.4
            +---------+---------+-------+---------+---------+-------
        D:1 |      28 |       0 |   0.0 |      18 |       0 |   0.0
        D:2 |      67 |       0 |   0.0 |      23 |       0 |   0.0
        D:3 |      60 |       0 |   0.0 |      13 |       0 |   0.0
        D:4 |     281 |     267 |  48.7 |      18 |       1 |   5.3
            +---------+---------+-------+---------+---------+-------
